 Dungeon Crawl Stone Soup version 0.26-a0-597-gb535b0901c (webtiles) character file.

Game seed: 15050247971742964717

527 Ge0ff the Poker (level 7, -4/57 HPs)
             Began as a White Draconian Abyssal Knight on Aug 26, 2020.
             Was a Believer of Lugonu.
             Slain by a two-headed ogre
             ... wielding a +0 giant spiked club
              (11 damage)
             ... on level 8 of the Dungeon.
             The game lasted 00:06:37 (4823 turns).

Ge0ff the Poker (White Draconian Abyssal Knight)    Turns: 4823, Time: 00:06:38

Health: -4/57      AC:  7    Str: 15    XL:     7   Next: 3%
Magic:  0/8        EV: 12    Int: 12    God:    Lugonu [**....]
Gold:   210        SH:  0    Dex: 12    Spells: 6/6 levels left

rFire    . . .     SeeInvis .   a - +0 trident
rCold    + . .     Faith    .   (no shield)
rNeg     . . .     Spirit   +   (armour unavailable)
rPois    .         Reflect  .   (helmet restricted)
rElec    .         Harm     .   (no cloak)
rCorr    .                      S - +0 pair of gloves
MR       .....                  (no boots)
Stlth    +.........             P - amulet of guardian spirit
HPRegen  0.19/turn              (no ring)
MPRegen  0.11/turn              (no ring)

@: no status effects
A: breathe frost, unfitting armour, cold resistance 1, cold-blooded, AC +6
a: Breathe Frost, Depart the Abyss, Bend Space, Renounce Religion


You were on level 8 of the Dungeon.
You worshipped Lugonu.
Lugonu was pleased with you.
You visited 2 branches of the dungeon, and saw 9 of its levels.
You visited the Abyss 1 time.

You collected 210 gold pieces.

Inventory:

Hand Weapons
 a - a +0 trident (weapon)
 b - a +0 halberd
 W - a +1 spear
Missiles
 f - 175 stones (quivered)
 g - a throwing net {=f}
 n - 7 javelins
 v - 3 curare-tipped darts {=f}
Armour
 S - a +0 pair of gloves (worn)
Jewellery
 o - an uncursed ring of fire
 P - an amulet of guardian spirit (around neck)
Wands
 e - a wand of enslavement (7)
Scrolls
 m - 2 scrolls of enchant armour
 C - 2 scrolls of remove curse
 O - a scroll of fear {unknown}
 R - 2 scrolls of noise {unknown}
 T - 3 scrolls of teleportation
 U - a scroll of magic mapping {unknown}
 X - 5 scrolls of amnesia
 Y - a scroll of enchant weapon {unknown}
 Z - a scroll of blinking {unknown}
Potions
 l - a potion of haste {unknown}
 q - 2 potions of curing
 I - a potion of invisibility
 N - 2 potions of cancellation {!q}
 Q - 2 potions of degeneration {unknown}
 V - a potion of flight {unknown}


   Skills:
 - Level 3.2 Fighting
 + Level 7.7 Polearms
 - Level 2.1 Dodging
 - Level 2.0 Invocations


You had 6 spell levels left.
You didn't know any spells.
Your spell library was empty.

Dungeon Overview and Level Annotations

Branches:
Dungeon (8/15)             Temple (1/1) D:4
   Lair: D:8-11

Altars:
Ashenzari
Cheibriados
Dithmenos
Fedhas
Nemelex Xobeh
Qazlal
Ru
Trog
Uskayaw
Vehumet
Yredelemnul


Innate Abilities, Weirdness & Mutations

You can breathe waves of freezing cold.
You can buffet flying creatures when you breathe cold.
Your icy white scales are hard. (AC +6)
You cannot fit into any form of body armour.
Your flesh is cold resistant. (rC+)
You are cold-blooded and may be slowed by cold attacks.


Message History

The centaur unwields a +0 shortbow.
The centaur hits you.
You see here a jackal corpse.
You hit the centaur.
The centaur is lightly wounded.
An ice beast comes into view.
The centaur closely misses you.
A two-headed ogre comes into view.
It is wielding two +0 giant spiked clubs.
The hound barely misses you.
The centaur hits you but does no damage. x2
The centaur closely misses you. The hound bites you but does no damage.
Found 9 gold pieces and 19 arrows.
The centaur wields a +0 shortbow.
The centaur shoots an arrow.
The arrow hits you!
There is an escape hatch in the floor here.
You see here an arrow.
The hound barely misses you.
The two-headed ogre hits you with a +0 giant spiked club!!
* * * LOW HITPOINT WARNING * * *
The two-headed ogre hits you with a +0 giant spiked club!
You die...

.... ... (.. #.#
#.# ########.#
.........####.##.
####hh@O......
#.(†.c.Y....$#
#.###.####.#.# #.
#.# # #. #.# #.
#.# .. #.# ## #..


You could see a two-headed ogre, an ice beast, a centaur, a hound and a jackal.

Vanquished Creatures
  A centaur (D:5)
  2 orc priests (D:3)
  2 hounds
  3 orc wizards (D:4)
  An iguana (D:5)
  2 worker ants (D:4)
  4 gnolls
  4 adders
  An ufetubus (D:5)
  An ooze (D:1)
  An adder skeleton (D:4)
  3 worms
  4 leopard geckos
  6 orcs
  6 bats
  3 giant cockroaches
  3 hobgoblins
  12 jackals
  6 kobolds
  2 quokkas
  2 ball pythons
  2 frilled lizards
  3 goblins
  5 rats
79 creatures vanquished.

Vanquished Creatures (others)
  A giant cockroach (D:4)
1 creature vanquished.

Grand Total: 80 creatures vanquished

Notes
Turn   | Place    | Note
-------+----------+-------------------------------------------
     0 | Abyss:1  | Ge0ff the Draconian Abyssal Knight began the quest for the
                  | Orb.
     0 | Abyss:1  | Reached XP level 1. HP: 19/19 MP: 2/2
    16 | Abyss:1  | Found a corrupted altar of Lugonu.
    37 | Abyss:1  | Noticed a starcursed mass
    44 | D:1      | Escaped the Abyss
   227 | D:1      | Reached * piety under Lugonu
   374 | D:1      | Reached XP level 2. HP: 26/26 MP: 3/3
   455 | D:1      | Reached skill level 3 in Polearms
   980 | D:2      | Reached XP level 3. HP: 22/31 MP: 4/4
  1225 | D:2      | Found a sparkling altar of Nemelex Xobeh.
  1271 | D:2      | Found a shattered altar of Ashenzari.
  1439 | D:2      | Found a faded altar of an unknown god.
  1457 | D:2      | Reached skill level 4 in Polearms
  1925 | D:2      | Reached XP level 4. HP: 35/38 MP: 3/5
  2660 | D:3      | Reached skill level 5 in Polearms
  2724 | D:3      | Found a snail-covered altar of Cheibriados.
  2795 | D:3      | Reached XP level 5. HP: 32/45 MP: 6/6
  3066 | D:3      | Found a bloodstained altar of Trog.
  3090 | D:3      | Reached ** piety under Lugonu
  3551 | D:4      | Found a shadowy altar of Dithmenos.
  3564 | D:4      | Found a staircase to the Ecumenical Temple.
  3588 | D:4      | Reached skill level 6 in Polearms
  3775 | D:4      | Reached XP level 6. HP: 47/51 MP: 5/7
  3960 | Temple   | Entered the Ecumenical Temple
  4248 | D:4      | Found a stormy altar of Qazlal.
  4635 | D:5      | Entered Level 5 of the Dungeon
  4643 | D:5      | Reached skill level 7 in Polearms
  4786 | D:5      | Your scales start taking on an icy white colour.
  4786 | D:5      | Reached XP level 7. HP: 41/57 MP: 6/8
  4786 | D:5      | Gained mutation: Your flesh is cold resistant. (rC+) [White
                  | Draconian growth]
  4819 | D:8      | Noticed a two-headed ogre
  4823 | D:8      | Slain by a two-headed ogre

Illustrated notes

Levels and vault maps discovered:
D:1:      doesnt_arrival_eight_statues, layout_loops_ring
D:2:      layout_loops_ring, nemelex_xobeh_ov_fountains_minmay,
          evilmike_ruin_ashenzari, chequers_ecumenical_altar_simple_redux
D:3:      layout_basic, overflow_temple_1_default, lemuel_crystal_altar
D:4:      layout_basic, kennysheep_mini_moat, minmay_temple_entry_wispy,
          grunt_qazlal_clouds
D:5:      layout_loops_ring, elyvilon_altar_3, serial_shops, nicolae_shop_stone,
          vehumet_altar_wand_db
D:6:      layout_rooms, uniq_duvessa
D:7:      layout_layer_cave, overflow_temple_1_default, old_standard_altar,
          nicolae_overflow_crystal_walls
D:8:      layout_loops_ring, lemuel_crystal_altar, marbit_many_paths,
          lemuel_zombie_altar_kikubaaqudgha, eino_small_chamber_without_monster
Temple:   eino_temple_lava

Skill      XL: |  1  2  3  4  5  6 |
---------------+-------------------+-----
Polearms       | 3 4 5 6 7 |  7.7
Fighting       | |  3.2
Dodging        | |  2.1
Invocations    | |  2.0

Action                   |  1- 3 |  4- 6 |  7- 9 || total
-------------------------+-------+-------+-------++-------
Melee: Spear             |    95 |    87 |       ||   182
       Tailslap          |     8 |    23 |     1 ||    32
       Halberd           |       |    45 |       ||    45
       Trident           |       |    52 |     4 ||    56
Throw: Stone             |    21 |    67 |       ||    88
       Javelin           |       |     2 |       ||     2
       Dart              |       |     5 |       ||     5
Invok: Depart the Abyss  |     1 |       |       ||     1
  Use: Potion            |       |     3 |       ||     3
       Scroll            |       |       |     5 ||     5
 Stab: Sleeping          |     3 |       |       ||     3
Armor: Skin              |    20 |    26 |    11 ||    57
Dodge: Dodged            |    36 |   110 |    19 ||   165

Table legend: (Time is in decaauts)
 A = Elapsed time spent in this place.
 B = Non-inter-level travel time spent in this place.
 C = Inter-level travel time spent in this place.
 D = Time resting spent in this place.
 E = Time spent auto-exploring this place.
 F = Levels seen in this place.
 G = Mean time per level.
                   A        B        C        D        E       F      G
               +--------+--------+--------+--------+--------+-----+--------+
         Total |   4817 |   4750 |     67 |      2 |   3863 |  10 |  481.7 |
       Dungeon |   4772 |   4705 |     67 |      2 |   3863 |   8 |  596.5 |
        Temple |      1 |      1 |      0 |      0 |      0 |   1 |    1.0 |
         Abyss |     44 |     44 |      0 |      0 |      0 |   1 |   44.0 |
               +--------+--------+--------+--------+--------+-----+--------+

Top non-repeatable levels by time:
     D:2: 1331 daAuts
     D:4: 1240 daAuts
     D:3: 1192 daAuts
     D:1: 821 daAuts
     D:5: 161 daAuts
 Abyss:1: 44 daAuts
     D:6: 11 daAuts
     D:8: 8 daAuts
     D:7: 4 daAuts
  Temple: 1 daAuts
